 Dungeon Crawl Stone Soup version 0.21-a0-380-gd65dc97 (webtiles) character file.

62462 wazuzu the Grappler (level 14, -2/103 HPs)
             Began as a Demonspawn Monk on Oct 17, 2017.
             Was the Champion of Hepliaklqana.
             Slain by Wazuzyan the battlemage
             ... wielding a +0 quarterstaff
             ... created by the player character
              (15 damage)
             ... on level 12 of the Dungeon.
             The game lasted 01:28:50 (19642 turns).

wazuzu the Grappler (Demonspawn Monk)              Turns: 19642, Time: 01:28:51

Health: -2/103     AC: 19    Str: 21    XL:     14   Next: 64%
Magic:  0/23       EV: 22    Int: 17    God:    Hepliaklqana [******]
Gold:   1211       SH:  0    Dex: 20    Spells: 7/13 levels left

rFire    + . .     SeeInvis +     - Unarmed
rCold    + . .     Gourm    .   (no shield)
rNeg     . . .     Faith    .   B - +2 ring mail {rF+}
rPois    .         Spirit   +   C - +3 crown of Dyrovepreva {rElec Int+2 SInv}
rElec    +         Reflect  .   A - +0 cloak
rCorr    .         Harm     .   c - +2 pair of gloves
MR       ++...                  (no boots)
Stlth    ++++......             D - amulet "Teociuz" {RegenMP Int+2 Stlth+}
HPRegen  0.27/turn              r - ring of protection from cold
MPRegen  0.61/turn              t - ring of protection from magic

@: mighty, agile, very slightly contaminated
A: reduced essence, talons 2, slimy green scales 2, powered by pain 2, magic
shield, magic regeneration
a: Recall Ancestor, Ancestor Identity, Transference, Idealise, Renounce Religion


You were on level 12 of the Dungeon.
You worshipped Hepliaklqana.
Hepliaklqana was exalted by your worship.
You were not hungry.

You visited 3 branches of the dungeon, and saw 19 of its levels.
You also visited: Sewer and Ice Cave.

You collected 1211 gold pieces.

Inventory:

Armour
 c - a +2 pair of gloves (worn)
 A - a +0 cloak (worn)
 B - a +2 ring mail of fire resistance (worn)
 C - the +3 crown of Dyrovepreva (worn) {rElec Int+2 SInv}
   (You found it on level 7 of the Dungeon)

   It affects your intelligence (+2).
   It insulates you from electricity.
   It lets you see invisible.
 R - the +0 scale mail of Ehufathinko {Int+8}
   (You found it in an ice cave)

   It affects your intelligence (+8).
Jewellery
 r - a ring of protection from cold (left hand)
 t - a ring of protection from magic (right hand)
 D - the amulet "Teociuz" (around neck) {RegenMP Int+2 Stlth+}
   (You found it on level 7 of the Dungeon)

   [amulet of magic regeneration]

   It increases your magic regeneration.
   It affects your intelligence (+2).
   It makes you more stealthy.
Wands
 p - a wand of paralysis (5/24)
 E - a wand of flame (17/48)
 J - a wand of confusion (25/48)
 M - a wand of acid (0/15)
 N - a wand of paralysis (8/24)
 T - a wand of random effects (40/48)
 U - a wand of iceblast (0/15)
 V - a wand of scattershot (0/9)
Scrolls
 a - 15 scrolls of remove curse
 h - 3 scrolls of enchant weapon
 m - 3 scrolls of recharging
 n - 8 scrolls of teleportation
 o - 4 scrolls of magic mapping
 s - a scroll of enchant armour
 v - 3 scrolls of amnesia
 Q - 2 scrolls of fog
Potions
 d - 4 potions of might
 e - 2 potions of agility
 g - 11 potions of curing
 j - 5 potions of heal wounds
 k - a potion of haste {unknown}
 q - 5 potions of brilliance
 u - 3 potions of magic
 z - 7 potions of resistance
 I - a potion of berserk rage {unknown}
 O - a potion of ambrosia {unknown}
 S - a potion of flight {unknown}
Books
 y - a book of Cantrips

   Spells                             Type                      Level
   a - Confusing Touch                Hexes                        1
   b - Animate Skeleton               Necromancy                   1
   c - Summon Small Mammal            Summoning                    1
   d - Apportation                    Translocation                1
 F - a book of Geomancy

   Spells                             Type                      Level
   a - Sandblast                      Earth                        1
   b - Passwall                       Transmutation/Earth          2
   c - Stone Arrow                    Conjuration/Earth            3
   d - Petrify                        Transmutation/Earth          4
   e - Lee's Rapid Deconstruction     Earth                        5
 G - a book of Battle

   Spells                             Type                      Level
   a - Infusion                       Charms                       1
   b - Shroud of Golubria             Charms/Translocation         2
   c - Song of Slaying                Charms                       2
   d - Spectral Weapon                Hexes/Charms                 3
   e - Regeneration                   Charms/Necromancy            3
 W - a book of Changes

   Spells                             Type                      Level
   a - Beastly Appendage              Transmutation                1
   b - Sticks to Snakes               Transmutation                2
   c - Spider Form                    Transmutation/Poison         3
   d - Ice Form                       Ice/Transmutation            4
   e - Blade Hands                    Transmutation                5
Miscellaneous
 x - a phial of floods
 L - a lamp of fire
Comestibles
 b - 10 bread rations
 f - 3 fruits
 l - 5 royal jellies
 H - 5 meat rations
 P - 2 chunks of flesh


   Skills:
 - Level 12.0 Fighting
 - Level 8.0 Armour
 - Level 8.0 Dodging
 - Level 1.7 Stealth
 + Level 13.9 Unarmed Combat
 - Level 6.0 Charms
 - Level 8.0 Necromancy
 - Level 12.0 Invocations


You had 7 spell levels left.
You knew the following spells:

 Your Spells              Type           Power        Failure   Level  Hunger
a - Passwall              Tmut/Erth      #.........   47%         2    ###....
c - Apportation           Tloc           #.....       34%         1    ##.....
r - Regeneration          Chrm/Necr      ###.......   6%          3    ####...


Dungeon Overview and Level Annotations

Branches:
Dungeon (12/15)            Temple (1/1) D:4            Lair (6/6) D:11
  Swamp (0/4) Lair:4       Spider (0/4) Lair:2        Slime (0/5) Lair:6
    Orc: D:9-12

Altars:
Ashenzari
Dithmenos
Fedhas
Hepliaklqana
Kikubaaqudgha
Makhleb
Nemelex Xobeh
Okawaru
Qazlal
Sif Muna
Trog
Uskayaw
Vehumet
Wu Jian
Xom
Yredelemnul

Shops:
D:6 :


Innate Abilities, Weirdness & Mutations

You have razor-sharp toenails.
You are mostly covered in slimy green scales. (AC +3)
You sometimes gain power by taking damage.
When hurt, damage is shared between your health and your magic reserves.
You regenerate magic rapidly.
Your life essence is reduced to manifest your ancestor. (-10% HP)


Message History

Press: ? - help, Shift-Dir - straight line, f - Rupert
Aim: Rupert, wielding a great mace of crushing and wearing a glowing leather armour (almost dead, berserk, fast, unusually strong, covered in acid) Nothing appears to happen.
An orc warrior comes into view. It is wielding a mace.
You punch Rupert! You claw Rupert!
Rupert is almost dead.
Rupert hits you but does no damage.
You pummel Rupert!!
You kill Rupert!
An orc priest comes into view. It is wielding a dagger.
You closely miss the orc wizard.
The orc wizard is almost dead.
The orc wizard closely misses you.
You punch the orc wizard!
You kill the orc wizard!
Wazuzyan closely misses you.
Hepliaklqana grants Wazuzyan healing and protection!
Wazuzyan is healed somewhat.
Wazuzyan hits you with a quarterstaff!!
You die...

#...# #.#
#...# #.#
#...# #.#
#...# #.#
#...# #.#
#...# #.#
#...# #.#
#...#
########.#
.....
.....oR@)#
.....
.........#
#######..#
#o.# #..#
#..# ...#
....#
###.#


You could see the friendly Wazuzyan the battlemage (confused), an orc warrior
and an orc priest.

Vanquished Creatures
  Rupert (D:12)
  A dire elephant (Lair:6)
  5 hydras
  2 catoblepae (Lair:6)
  A two-headed ogre (D:9)
  7 death yaks
  The ghost of confidenceinterval the Martial Artist, a novice MfTm of Okawaru (D:10)
  An orb spider (Lair:2)
  A necromancer (IceCv)
  A cyclops (D:7)
  14 elephants
  2 black mambas
  2 ice statues (IceCv)
  6 spiny frogs
  A gargoyle (D:10)
  2 rime drakes
  2 komodo dragons (Lair:2)
  3 ice devils (IceCv)
  A troll (D:10)
  The ghost of Yermak the Skirmisher, an amateur DgTm (Sewer)
  2 polar bears
  3 dream sheep (Lair:6)
  4 blink frogs
  10 hippogriffs
  A slime creature (D:11)
  2 wyverns
  20 yaks
  2 basilisks
  A hungry ghost (D:7)
  A soldier ant (D:11)
  A hell hound (D:11)
  5 water moccasins
  6 porcupines
  2 orc warriors
  2 ice beasts
  5 sky beasts
  An ogre (D:7)
  6 centaurs
  3 black bears
  8 wolves
  12 crocodiles
  3 big kobolds
  9 bullfrogs
  A wyvern skeleton (D:8)
  A scorpion (D:10)
  A howler monkey (D:6)
  2 wights
  3 electric eels (Lair:4)
  3 draconian simulacra (IceCv)
  3 crimson imps
  A bullfrog zombie (D:7)
  3 jellies (Lair:6)
  2 hounds
  3 orc priests
  A bullfrog skeleton (D:5)
  5 orc wizards
  Jessica (D:2)
  5 centaur skeletons
  4 iguanas
  9 worker ants
  A hound skeleton (D:11)
  Robin (D:2)
  A howler monkey skeleton (D:4)
  9 adders
  A naga simulacrum (IceCv)
  2 ogre simulacra (IceCv)
  4 river rats (Sewer)
  A shadow imp (D:8)
  9 white imps
  An ooze (Lair:6)
  An adder zombie (D:9)
  An adder skeleton (D:4)
  3 worms
  A dart slug (D:1)
  6 leopard geckos
  15 orcs
  8 giant cockroaches
  14 goblins
  7 hobgoblins
  2 jackals (D:6)
  16 kobolds
  5 quokkas
  7 ball pythons (Sewer)
  6 bats
  10 frilled lizards
  A giant cockroach zombie (D:5)
  A quokka zombie (D:8)
  12 rats
  3 fungi
  A plant (Lair:6)
362 creatures vanquished.

Vanquished Creatures (collateral kills)
  A slime creature (D:11)
  2 hydras
  A two-headed ogre (D:7)
  A deep troll shaman (Lair:6)
  7 death yaks
  A wizard (D:10)
  4 ugly things
  A cyclops (D:12)
  A centaur zombie (D:11)
  An elephant (Lair:5)
  4 black mambas
  An ice statue (IceCv)
  A spiny frog (Lair:6)
  3 komodo dragons
  3 ice devils (IceCv)
  2 polar bears
  5 hippogriffs
  3 dream sheep (Lair:6)
  7 blink frogs
  Sigmund (D:2)
  A wyvern (D:9)
  A hungry ghost (D:10)
  13 yaks
  A vampire (D:11)
  2 basilisks (Lair:2)
  A steam dragon (D:9)
  A hell hound (D:11)
  4 water moccasins
  A black bear (Lair:6)
  2 orc warriors
  2 necrophages
  2 ice beasts (D:7)
  4 wolves (Lair:5)
  3 ogres
  A centaur (D:11)
  7 bullfrogs
  4 scorpions
  2 electric eels (Lair:4)
  7 wights
  5 howler monkeys
  2 crimson imps
  2 jellies
  A draconian simulacrum (IceCv)
  3 hounds
  Crazy Yiuf (D:7)
  An orc priest (D:8)
  4 orc wizards
  An iguana (D:8)
  A worker ant (D:7)
  A killer bee zombie (D:5)
  A centaur simulacrum (IceCv)
  A hound skeleton (D:4)
  A worker ant zombie (D:7)
  5 adders
  2 river rats (Sewer)
  2 ogre simulacra (IceCv)
  A shadow imp (D:10)
  3 white imps (Lair:5)
  A worm (D:5)
  11 orcs
  2 bats (D:2)
  A goblin (D:3)
  3 quokkas
  6 ball pythons (Sewer)
  A frilled lizard (Sewer)
  4 kobolds
  14 rats
  A fungus (D:4)
  5 plants
196 creatures vanquished.

Vanquished Creatures (others)
  A komodo dragon (Lair:6)
  15 battlemagi
  25 fungi
  50 plants
91 creatures vanquished.

Grand Total: 649 creatures vanquished

Notes
Turn   | Place    | Note
-------+----------+-------------------------------------------
     0 | D:1      | wazuzu the Demonspawn Monk began the quest for the Orb.
     0 | D:1      | Reached XP level 1. HP: 18/18 MP: 1/1
   100 | D:1      | Reached skill level 3 in Unarmed Combat
   278 | D:1      | Gained mutation: When hurt, damage is shared between your health and your magic reserves. [demonic ancestry]
   278 | D:1      | Reached XP level 2. HP: 16/24 MP: 2/2
   879 | D:2      | Noticed Robin
   901 | D:2      | Gained mutation: You sometimes gain a little power by taking damage. [demonic ancestry]
   901 | D:2      | Reached XP level 3. HP: 28/29 MP: 3/3
   959 | D:2      | Killed Robin
   959 | D:2      | Reached skill level 4 in Unarmed Combat
  1253 | D:2      | Noticed Sigmund
  1266 | D:2      | Noticed Jessica
  1280 | D:2      | Killed Jessica
  1280 | D:2      | Reached XP level 4. HP: 20/35 MP: 2/4
  1313 | D:2      | Found a stormy altar of Qazlal.
  1321 | D:2      | Found a hide-covered altar of Uskayaw.
  1322 | D:2      | Found a hazy altar of Hepliaklqana.
  1322 | D:2      | Found a deep blue altar of Sif Muna.
  1324 | D:2      | Found an ornate altar of the Wu Jian Council.
  1324 | D:2      | Found a sparkling altar of Nemelex Xobeh.
  1333 | D:2      | Became a worshipper of Hepliaklqana the Forgotten
  1333 | D:2      | Reached * piety under Hepliaklqana
  1333 | D:2      | Reached ** piety under Hepliaklqana
  1335 | D:2      | Remembered your ancestor Wazuzyan as a battlemage
  1399 | D:2      | Found a burning altar of Makhleb.
  1551 | D:2      | Reached skill level 5 in Unarmed Combat
  1921 | D:2      | Killed Sigmund
  1921 | D:2      | Reached skill level 6 in Unarmed Combat
  1921 | D:2      | Reached XP level 5. HP: 23/36 MP: 2/5
  1921 | D:2      | Gained mutation: You have sharp toenails. [demonic ancestry]
  1921 | D:2      | Reached XP level 6. HP: 27/42 MP: 2/6
  1985 | D:3      | Found a glowing drain.
  1996 | Sewer    | Entered a sewer
  2066 | Sewer    | Noticed Yermak's ghost (amateur DgTm)
  2079 | Sewer    | Killed Yermak's ghost
  2079 | Sewer    | Reached skill level 7 in Unarmed Combat
  2079 | Sewer    | Reached XP level 7. HP: 46/46 MP: 3/7
  2336 | Sewer    | Reached skill level 8 in Unarmed Combat
  2897 | D:4      | Reached *** piety under Hepliaklqana
  2916 | D:4      | Found a blossoming altar of Fedhas.
  3139 | D:4      | Found a shattered altar of Ashenzari.
  3139 | D:4      | Found an ancient bone altar of Kikubaaqudgha.
  3139 | D:4      | Found a stormy altar of Qazlal.
  3140 | D:4      | Found a bloodstained altar of Trog.
  3140 | D:4      | Found an ornate altar of the Wu Jian Council.
  3140 | D:4      | Found a bloodstained altar of Trog.
  3141 | D:4      | Found a basalt altar of Yredelemnul.
  3141 | D:4      | Found a stormy altar of Qazlal.
  3142 | D:4      | Found a shattered altar of Ashenzari.
  3142 | D:4      | Found a shimmering altar of Xom.
  3143 | D:4      | Found a basalt altar of Yredelemnul.
  3143 | D:4      | Found a radiant altar of Vehumet.
  3148 | D:4      | Found a staircase to the Ecumenical Temple.
  3153 | Temple   | Entered the Ecumenical Temple
  3260 | D:4      | Found a shadowy altar of Dithmenos.
  3428 | D:5      | Entered Level 5 of the Dungeon
  3472 | D:5      | Reached skill level 9 in Unarmed Combat
  3472 | D:5      | Gained mutation: You are partially covered in slimy green scales. (AC +2) [demonic ancestry]
  3472 | D:5      | Reached XP level 8. HP: 39/52 MP: 5/8
  3684 | D:5      | Reached **** piety under Hepliaklqana
  4304 | D:6      | Reached skill level 10 in Unarmed Combat
  4722 | D:6      | Found Nooblos's Book Emporium.
  5184 | D:7      | Found a runed door.
  5188 | D:7      | Noticed Crazy Yiuf
  5191 | D:7      | Killed Crazy Yiuf
  5220 | D:7      | Reached skill level 11 in Unarmed Combat
  5227 | D:7      | Reached skill level 1 in Armour
  5227 | D:7      | Gained mutation: You sometimes gain power by taking damage. [demonic ancestry]
  5227 | D:7      | Reached XP level 9. HP: 52/56 MP: 6/9
  5470 | D:7      | Found a transporter.
  5473 | D:7      | Found the +3 crown of Dyrovepreva {rElec Int+2 SInv}
  5488 | D:7      | Noticed a two-headed ogre
  5491 | D:7      | Noticed a cyclops
  5497 | D:7      | Noticed a cyan ugly thing
  5500 | D:7      | Killed a two-headed ogre
  5513 | D:7      | Killed a cyan ugly thing
  5513 | D:7      | Reached skill level 5 in Fighting
  5513 | D:7      | Reached skill level 5 in Armour
  5530 | D:7      | Found a transporter.
  5540 | D:7      | Killed a cyclops
  5542 | D:7      | Gained mutation: You are mostly covered in slimy green scales. (AC +3) [demonic ancestry]
  5542 | D:7      | Reached XP level 10. HP: 57/68 MP: 2/10
  5563 | D:7      | Got a brightly glowing sapphire amulet
  5579 | D:7      | Identified the amulet "Teociuz" {RegenMP Int+2 Stlth+} (You found it on level 7 of the Dungeon)
  5611 | D:7      | Learned a level 2 spell: Passwall
  6008 | D:8      | Reached skill level 1 in Invocations
  6151 | D:8      | Noticed a cyan ugly thing
  6166 | D:8      | Killed a cyan ugly thing
  6371 | D:8      | Found a stormy altar of Qazlal.
  6576 | D:9      | Noticed a two-headed ogre
  6583 | D:9      | Killed a two-headed ogre
  6583 | D:9      | Reached skill level 5 in Invocations
  6832 | D:9      | You fall through a shaft for 2 floors!
  7099 | D:11     | Reached ***** piety under Hepliaklqana
  7126 | D:10     | Entered Level 10 of the Dungeon
  7183 | D:10     | Gained mutation: You regenerate magic rapidly. [demonic ancestry]
  7183 | D:10     | Reached XP level 11. HP: 70/77 MP: 13/15
  7218 | D:10     | Noticed confidenceinterval's ghost (novice MfTm)
  7230 | D:10     | Killed confidenceinterval's ghost
  7727 | D:10     | Learned a level 3 spell: Regeneration
  8098 | D:10     | Noticed a wizard
  8105 | D:10     | Killed a wizard
  8128 | D:10     | Learned a level 1 spell: Apportation
  8240 | D:11     | Got a scorched leather armour
  8241 | D:11     | Identified the cursed +1 leather armour of Hopscotch {*Corrode Str+4} (You found it on level 11 of the Dungeon)
  8315 | D:11     | Found a staircase to the Lair.
  8463 | Lair:1   | Entered Level 1 of the Lair of Beasts
  8498 | Lair:1   | Reached skill level 10 in Invocations
  9350 | Lair:2   | Noticed a seven-headed hydra
  9358 | Lair:2   | Killed a seven-headed hydra
  9647 | Lair:2   | Reached skill level 10 in Fighting
  9647 | Lair:2   | Reached XP level 12. HP: 87/87 MP: 20/20
  9885 | Lair:2   | Noticed a six-headed hydra
  9893 | Lair:2   | Killed a six-headed hydra
 10461 | Lair:2   | Found a hole to the Spider Nest.
 11116 | Lair:3   | Reached ****** piety under Hepliaklqana
 11135 | Lair:3   | Noticed a seven-headed hydra
 11144 | Lair:3   | Killed a seven-headed hydra
 11145 | Lair:3   | Identified the Volume of Icy Stones
 12104 | Lair:4   | Reached skill level 5 in Dodging
 12115 | Lair:4   | Noticed a death yak
 12140 | Lair:4   | Noticed a death yak
 12142 | Lair:4   | Noticed a death yak
 12143 | Lair:4   | Killed a death yak
 12159 | Lair:4   | Killed a death yak
 12213 | Lair:4   | Killed a death yak
 12874 | Lair:4   | Reached skill level 1 in Necromancy
 12881 | Lair:4   | Found a staircase to the Swamp.
 12931 | Lair:4   | Reached skill level 1 in Charms
 13246 | Lair:5   | Found a frozen archway.
 13272 | IceCv    | Entered an ice cave
 13377 | IceCv    | Gained mutation: You have razor-sharp toenails. [demonic ancestry]
 13377 | IceCv    | Reached XP level 13. HP: 41/97 MP: 14/22
 14062 | IceCv    | Got a bloodstained scale mail
 14105 | IceCv    | Identified the +0 scale mail of Ehufathinko {Int+8} (You found it in an ice cave)
 14486 | Lair:5   | Reached skill level 5 in Necromancy
 15344 | Lair:6   | Entered Level 6 of the Lair of Beasts
 15440 | Lair:6   | Reached skill level 5 in Charms
 15918 | Lair:6   | Reached skill level 12 in Unarmed Combat
 16047 | Lair:6   | Reached XP level 14. HP: 86/103 MP: 21/23
 17033 | Lair:6   | Reached skill level 13 in Unarmed Combat
 17390 | Lair:6   | Identified the Tome of Summoning
 17503 | Lair:6   | Found a staircase to the Slime Pits.
 18193 | Lair:6   | Found an iron altar of Okawaru.
 19619 | D:12     | Noticed Rupert
 19638 | D:12     | Killed Rupert
 19642 | D:12     | Slain by Wazuzyan the battlemage

Vault maps used:
D:1:      lightli_arrival_quake
D:2:      nicolae_overflow_crystal_walls, grunt_temple_overflow_open,
          first_bread, minmay_misc_feat_cross, uniq_sigmund, uniq_jessica,
          uniq_robin
D:3:      cheibrodos_sewer_entry_drain
D:4:      kennysheep_mini_moat, fedhas_altar_3, temple_doors_ab
D:5:      grunt_ministairs_7
D:6:      serial_shops, nicolae_shop_crystal
D:7:      gammafunk_the_bubble, grunt_ogre_cave, uniq_crazy_yiuf_cottage
D:8:      grunt_qazlal_clouds
D:10:     lightli_wizard_tower
D:11:     minmay_lair_entry_lava
D:12:     kennysheep_orc_monster_closet_entryway, minmay_beelzebubs_servants,
          uniq_sonja, uniq_rupert
Temple:   nicolae_temple_figure_eight
Lair:1:   grunt_megastairs_2, infiniplex_staircase_pool_2, lemuel_fruit_tree
Lair:2:   nicolae_spider_entry_orb_guardian, infiniplex_staircase_pool
Lair:4:   minmay_swamp_entry_eels
Lair:5:   portal_ice_cave_entry_imps
Lair:6:   grunt_lair_end_beastmaster, nicolae_slime_entry_slimehenge,
          lemuel_centaur_altar, serial_bayou_shore_a, grunt_megastairs_1
Sewer:    sewer_minmay_w
IceCv:    ice_cave_tombish

Skill      XL: |  1  2  3  4  5  6  7  8  9 10 11 12 13 14 |
---------------+-------------------------------------------+-----
Unarmed Combat | 3 4 6 7 9 11 12 13 | 13.9
Armour         | 1 6 8 |  8.0
Fighting       | 5 8 10 12 | 12.0
Invocations    | 6 11 12 | 12.0
Dodging        | 7 8 |  8.0
Necromancy     | 1 6 8 |  8.0
Charms         | 1 6 |  6.0
Stealth        | |  1.7

Action                   |  1- 3 |  4- 6 |  7- 9 | 10-12 | 13-15 || total
-------------------------+-------+-------+-------+-------+-------++-------
Melee: Unarmed           |   148 |    94 |   342 |   652 |   631 ||  1867
       Punch             |     4 |     1 |    19 |    28 |    52 ||   104
       Kick              |       |     3 |    98 |   210 |   259 ||   570
 Cast: Regeneration      |       |       |       |       |     6 ||     6
Invok: Ancestor Life: Ba |       |     1 |       |       |       ||     1
       Ancestor Identity |       |     1 |       |       |       ||     1
       Recall Ancestor   |       |       |     1 |     3 |     2 ||     6
       Idealise          |       |       |       |     1 |     2 ||     3
       Transference      |       |       |       |     1 |     2 ||     3
Evoke: Wand              |       |       |       |    14 |     7 ||    21
  Use: Scroll            |       |     1 |    10 |    11 |    10 ||    32
       Potion            |       |     1 |     6 |     2 |     3 ||    12
 Stab: Sleeping          |       |     1 |     1 |    14 |     1 ||    17
       Distracted        |       |       |     2 |     8 |    11 ||    21
       Invisible         |       |       |     6 |     3 |    16 ||    25
       Petrified         |       |       |       |       |     4 ||     4
  Eat: Chunk             |     1 |     3 |    11 |    11 |     9 ||    35
       Fruit             |       |       |       |    11 |     4 ||    15
       Meat ration       |       |       |       |     2 |       ||     2
       Bread ration      |       |       |       |       |     1 ||     1
Armor: Ring mail         |    35 |    29 |   111 |   258 |   233 ||   666
       Skin              |       |     5 |     9 |       |       ||    14
Dodge: Dodged            |    74 |    68 |   159 |   362 |   447 ||  1110

Table legend:
 A = Spawn XP
 B = Non-spawn XP
 C = Spawn XP percentage of total XP
 D = Spawn monster count
 E = Non-spawn monster count
 F = Spawn count percentage of total count
 G = Total turns spent on level
                    A         B        C        D         E        F      G
               +---------+---------+-------+---------+---------+-------+---------
         Total |       0 |   89232 |   0.0 |       0 |     548 |   0.0 | 19642
               +---------+---------+-------+---------+---------+-------+---------
           D:1 |       0 |      33 |   0.0 |       0 |      19 |   0.0 |   847
           D:2 |       0 |     388 |   0.0 |       0 |      40 |   0.0 |  1095
           D:3 |       0 |      26 |   0.0 |       0 |      12 |   0.0 |   353
           D:4 |       0 |     105 |   0.0 |       0 |      11 |   0.0 |   458
           D:5 |       0 |     635 |   0.0 |       0 |      21 |   0.0 |   715
           D:6 |       0 |     813 |   0.0 |       0 |      31 |   0.0 |  1009
           D:7 |       0 |    4038 |   0.0 |       0 |      38 |   0.0 |   832
           D:8 |       0 |    1807 |   0.0 |       0 |      27 |   0.0 |   436
           D:9 |       0 |    2378 |   0.0 |       0 |      22 |   0.0 |   593
          D:10 |       0 |    3972 |   0.0 |       0 |      21 |   0.0 |   918
          D:11 |       0 |    3197 |   0.0 |       0 |      19 |   0.0 |  1148
          D:12 |       0 |    5562 |   0.0 |       0 |      16 |   0.0 |   369
        Lair:1 |       0 |    2809 |   0.0 |       0 |      13 |   0.0 |   625
        Lair:2 |       0 |    8381 |   0.0 |       0 |      27 |   0.0 |  1946
        Lair:3 |       0 |    2434 |   0.0 |       0 |       9 |   0.0 |   788
        Lair:4 |       0 |    7474 |   0.0 |       0 |      27 |   0.0 |  1550
        Lair:5 |       0 |    9117 |   0.0 |       0 |      43 |   0.0 |  1210
        Lair:6 |       0 |   31104 |   0.0 |       0 |      83 |   0.0 |  3183
         Sewer |       0 |     661 |   0.0 |       0 |      49 |   0.0 |   602
         IceCv |       0 |    4298 |   0.0 |       0 |      20 |   0.0 |   892
               +---------+---------+-------+---------+---------+-------+---------
